AoeStats
← tetris92

Arabia

505709714Analyzed
2v2 RM · 23d ago on Sep 10, 2026· 51m 37s· 4 players
Game mode
Random Map
Map size
Medium (4 player)
Population
200
Speed
Normal
Resources
Standard
Victory
Conquest
Starting age
Dark Age
Ending age
Imperial Age
RankedLock teamsTeams togetherTeam positionsShared explorationLock speedFull tech treeHidden civsTurbo modeCheats
Victory
Defeat
🇩🇪 Chinese · Germany
984
+15
🇩🇪 Mongols · Germany
937
+16
🇩🇪 Khmer · Germany
970
-16
🇩🇪 Bulgarians · Germany
934
-15
tetris92
2:52 Loom
9:40 Feudal Age
15:15 Scale Barding Armor
22:27 Castle Age
22:05 Fletching
22:49 Fletching
23:00 Padded Archer Armor
22:57 Double-Bit Axe
28:10 Pikeman
29:33 Wheelbarrow
33:57 Hand Cart
33:09 Elite Skirmisher
43:51 Imperial Age
43:14 Bow Saw
Grog6520
4:30 Loom
11:37 Feudal Age
14:44 Double-Bit Axe
17:15 Horse Collar
23:28 Wheelbarrow
22:39 Town Watch
26:58 Castle Age
24:57 Fletching
25:25 Scale Mail Armor
26:08 Town Watch
30:12 Castle Age
29:14 Forging
29:11 Scale Barding Armor
29:07 Padded Archer Armor
30:37 Bloodlines
30:29 Pikeman
32:56 Chain Mail Armor
32:46 Squires
34:17 Husbandry
34:53 Bow Saw
35:48 Arson
37:16 Heavy Plow
38:18 Gold Mining
40:37 Town Watch
41:35 Wheelbarrow
43:43 Chain Barding Armor
43:19 Bodkin Arrow
48:04 Imperial Age
46:12 Stone Mining
47:01 Gold Shaft Mining
49:43 Hand Cart
49:33 Town Patrol
49:41 Bracer
49:29 Elite Skirmisher
helo
6:16 Loom
8:56 Feudal Age
9:50 Double-Bit Axe
12:55 Horse Collar
20:58 Wheelbarrow
22:48 Castle Age
22:10 Scale Barding Armor
23:09 Wheelbarrow
24:23 Chain Barding Armor
29:17 Bow Saw
29:29 Bloodlines
34:06 Forging
40:26 Light Cavalry
41:40 Fletching
44:53 Imperial Age
41:50 Elite Skirmisher
43:31 Gold Mining
43:40 Bodkin Arrow
44:53 Padded Archer Armor
45:30 Iron Casting
46:55 Masonry
48:04 Bracer
49:06 Blast Furnace
47:31 Heavy Camel Rider
47:40 Elite Steppe Lancer
51:47 Ballistics
52:27 Chemistry
noname
0:27 Loom
12:16 Feudal Age
19:48 Castle Age
20:43 Wheelbarrow
21:21 Fletching
22:40 Double-Bit Axe
27:15 Bow Saw
29:16 Horse Collar
31:58 Bodkin Arrow
32:32 Heavy Plow
32:42 Thumb Ring
35:16 Padded Archer Armor
36:07 Fervor
36:15 Hand Cart
35:46 Town Watch
36:38 Ballistics
36:35 Masonry
37:55 Leather Archer Armor
38:33 Elite Skirmisher
43:03 Imperial Age
42:02 Forging
41:58 Scale Barding Armor
41:55 Gold Mining
42:00 Stone Mining
43:57 Town Patrol
44:03 Scale Mail Armor
45:10 Sanctity
44:53 Atonement
45:19 Bracer
45:49 Ring Archer Armor
45:58 Iron Casting
45:44 Chain Barding Armor
45:39 Chain Mail Armor
46:31 Chemistry
45:19 Arrowslits
46:04 Architecture
45:11 Heavy Rocket Cart
47:23 Two-Man Saw
47:09 Block Printing
47:28 Illumination
47:20 Bloodlines
47:11 Husbandry
48:43 Conscription
49:25 Bombard Tower
49:22 Fortified Wall
50:53 Blast Furnace
49:16 Heavy Cavalry Archer
51:16 Rocketry
Connection lost

Rejoining the realm…

Still unreachable

The connection could not be restored.

Session expired

The server has moved on; the page needs a fresh start.